 Dungeon Crawl Stone Soup version 0.31-a0-1589-g8f5e8aebd6 (webtiles) character file.

Game seed: 11698750526355285355

2347 croobank the Ruffian (level 9, -3/74 HPs)
             Began as a Demigod Shapeshifter on Jan 5, 2024.
             Slain by an unseen horror (7 damage)
             ... on level 8 of the Dungeon.
             The game lasted 00:25:02 (6480 turns).

croobank the Ruffian (Demigod Shapeshifter)         Turns: 6480, Time: 00:25:03

Health: -3/74      AC:  5    Str: 15    XL:     9   Next: 0%
Magic:  11/11      EV: 12    Int: 26    God:
Gold:   296        SH:  5    Dex: 13    Spells: 8/8 levels left

rFire   . . .        h - +3 whip (elec)
rCold   . . .        (no shield)
rNeg    . . .        x - +0 ring mail
rPois   +            (helmet currently unavailable)
rElec   .            (cloak currently unavailable)
rCorr   .            (gloves currently unavailable)
SInv    .            (boots currently unavailable)
Will    +....        t - amulet of reflection
Stlth   +            w - ring "Heipal" {Will+ Int+2}
HPRegen 0.32/turn    a - ring of poison resistance
MPRegen 0.12/turn

%: reflection
@: brilliant, beast-form, attractive
A: beast (slay +3), high MP 1, forlorn, divine attributes
a: Begin Untransformation


You were on level 8 of the Dungeon.
You were a hulking beast.
You visited 1 branch of the dungeon, and saw 7 of its levels.
You also visited: Ossuary.

You collected 391 gold pieces.
You spent 95 gold pieces at shops.

Inventory:

Hand Weapons
 e - a +0 short sword
 h - a +3 whip of electrocution (weapon)
 i - a +0 dagger
 o - a +0 scimitar of flaming
 s - a +1 spear of flaming
 y - a +0 war axe
 B - a +1 short sword of venom
Armour
 p - a +0 leather armour
 x - a +0 ring mail (worn)
Jewellery
 a - a ring of poison resistance (right hand)
 m - a ring of flight
 n - a +6 ring of dexterity
 t - an amulet of reflection (around neck)
 w - the ring "Heipal" (left hand) {Will+ Int+2}
   (You acquired it on level 6 of the Dungeon)

   [ring of willpower]

   Int+2:     It affects your intelligence (+2).
   Will+:     It increases your willpower.
Talismans
 c - a beast talisman
 d - a flux talisman
Wands
 b - a wand of polymorph (11)
Scrolls
 j - a scroll of silence
 k - a scroll of noise
 A - 2 scrolls of amnesia
 E - 2 scrolls of poison
Potions
 D - a potion of attraction


   Skills:
 + Level 5.6 Fighting
 + Level 5.8 Dodging
 + Level 6.2 Unarmed Combat
 + Level 5.8 Shapeshifting


You had 8 spell levels left.
You didn't know any spells.
Your spell library contained the following spells:

 Spells                   Type           Power      Damage    Failure   Level
 Dazzling Flash           Conj/Hex       0%         N/A       58%         3
 Mephitic Cloud           Conj/Alch/Air  0%         N/A       58%         3
 Tukima's Dance           Hex            0%         N/A       58%         3
 Dimensional Bullseye     Hex/Tloc       0%         N/A       94%         4
 Iskenderun's Mystic Bla  Conj/Tloc      0%         2d3       94%         4
 Curse of Agony           Necr           0%         N/A       100%        5
 Silence                  Hex/Air        0%         N/A       100%        5


Dungeon Overview and Level Annotations

Branches:
Dungeon (6/15)             Temple (0/1) D:5         Ossuary (visited)

Shops:
D:1 ?   D:4 :

Annotations:
D:4 1 runed translucent door, Crazy Yiuf


Innate Abilities, Weirdness & Mutations

You are a hulking beast.
Your limbs bulge with bestial killing power. (Slay +3)
You have an increased reservoir of magic. (+10% MP)
You shall have no god before yourself.
Your divine heritage dramatically boosts your attributes as you level up.


Message History

Okay, then.
You feel better. Something hits you.
You barely miss something. Your punch misses something.
You block something's attack. Something hits you but does no damage.
Things that are here:
8 gold pieces; a +0 dagger; a curare-tipped dart Something hits you.
You feel better. Something hits you.
You feel attractive to monsters. Something barely misses you.
Something is attracted toward you.
You completely miss something. Something hits you but does no damage.
Something hits you. Something is attracted toward you.
You barely miss something. Something hits you!
You hit something. Something hits you!
* * * LOW HITPOINT WARNING * * *
Something hits you.
* * * LOW HITPOINT WARNING * * *
You feel better. Something is attracted toward you.
Something hits you but does no damage. Something is attracted toward you.
You closely miss something. Something hits you!
* * * LOW HITPOINT WARNING * * *
Something is attracted toward you.
You feel better. Something hits you. Something is attracted toward you.
You closely miss something. Something hits you!
* * * LOW HITPOINT WARNING * * *
Something is attracted toward you.
You hit something but do no damage. Something hits you!
* * * LOW HITPOINT WARNING * * *
Something hits you!
* * * LOW HITPOINT WARNING * * *
Things that are here:
8 gold pieces; a +0 dagger; a curare-tipped dart
Okay, then.
Okay, then.
Something hits you but does no damage. Something is attracted toward you.
You hit something. Something hits you but does no damage.
Something is attracted toward you. Something hits you!
You die...

#...............
#...............
#...............
#..............
#..............
#######.............
.........§........).
....................
...........h....(...
............§.......
..........$.....(...
............).......
....................
....................
....................
>.............!.....
..................


There were no monsters in sight!

Vanquished Creatures
  Erica (D:8)
  A two-headed ogre (D:8)
  2 ogres
  A centaur (D:8)
  Blork the orc (D:4)
  A kobold brigand (D:8)
  A bullfrog (D:8)
  A scorpion (D:4)
  A howler monkey (D:4)
  A jelly (D:5)
  3 hounds
  3 sleepcaps
  An orc priest (D:5)
  Ijyb (D:3)
  3 iguanas
  8 mummies (Ossuary)
  3 gnolls (D:5)
  9 adders
  4 ufetubi
  A dart slug (D:3)
  2 ribbon worms
  6 orcs
  4 ball pythons
  2 bats
  5 endoplasms
  5 giant cockroaches
  A gnoll zombie (Ossuary)
  6 goblins
  6 hobgoblins
  2 quokkas
  3 frilled lizards
  4 hobgoblin zombies (Ossuary)
  6 kobolds
  A kobold zombie (Ossuary)
  2 orc zombies (Ossuary)
  9 rats
111 creatures vanquished.

Notes
Turn   | Place    | Note
-------+----------+-------------------------------------------
     0 | D:1      | croobank the Demigod Shapeshifter began the quest for the
                  | Orb.
     0 | D:1      | Reached XP level 1. HP: 15/15 MP: 3/3
    91 | D:1      | Reached skill level 1 in Fighting
   207 | D:1      | Reached XP level 2. HP: 18/23 MP: 4/4
   258 | D:1      | Found Efopsid's Magic Scroll Boutique.
   684 | D:1      | Reached skill level 3 in Unarmed Combat
  1305 | D:2      | Reached XP level 3. HP: 26/28 MP: 5/5
  1860 | D:3      | Noticed Ijyb
  2109 | D:3      | Killed Ijyb
  2110 | D:3      | Reached XP level 4. HP: 36/36 MP: 6/6
  2815 | D:3      | Reached XP level 5. HP: 20/42 MP: 7/7
  3185 | D:4      | Found Guygaug's Book Boutique.
  3186 | D:4      | Noticed Blork the orc
  3457 | D:1      | Bought a scroll of identify for 20 gold pieces
  3457 | D:1      | Bought a scroll of enchant weapon for 75 gold pieces
  3872 | D:4      | Killed Blork the orc
  3873 | D:4      | Reached skill level 4 in Unarmed Combat
  3873 | D:4      | Reached XP level 6. HP: 30/51 MP: 8/8
  4043 | D:4      | Found a runed translucent door.
  4044 | D:4      | Noticed Crazy Yiuf
  4191 | D:5      | Entered Level 5 of the Dungeon
  4645 | D:5      | Found a staircase to the Ecumenical Temple.
  4886 | D:5      | Reached XP level 7. HP: 52/57 MP: 9/9
  5666 | D:6      | Identified a scroll of acquirement
  5666 | D:6      | Acquired the ring "Heipal" {Will+ Int+2}
  5745 | D:6      | Found a sand-covered staircase.
  5750 | Ossuary  | Entered an ossuary
  6348 | D:6      | You fall into a shaft and drop 2 floors!
  6358 | D:8      | Noticed Erica
  6366 | D:8      | Killed Erica
  6367 | D:8      | Reached skill level 5 in Dodging
  6367 | D:8      | Reached skill level 5 in Unarmed Combat
  6367 | D:8      | Reached skill level 5 in Shapeshifting
  6367 | D:8      | Reached XP level 8. HP: 45/67 MP: 10/10
  6378 | D:8      | Noticed a two-headed ogre
  6389 | D:8      | HP: 2/67 [two-headed ogre/+0 giant club (13)]
  6391 | D:8      | Killed a two-headed ogre
  6392 | D:8      | Reached skill level 5 in Fighting
  6392 | D:8      | Reached skill level 6 in Unarmed Combat
  6450 | D:8      | Reached XP level 9. HP: 26/74 MP: 11/11
  6476 | D:8      | HP: 2/74 [something (8)]
  6480 | D:8      | Slain by an unseen horror

Illustrated notes

Levels and vault maps discovered:
D:1:      sevenhm_arrival_forest_fort_small_6, layout_basic, serial_shops,
          nicolae_shop_stone
D:2:      layout_loops_corners, hellmonk_ecumenical_altar_blasted,
          hangedman_decor_growths, chequers_serial_rivers_marsh
D:3:      layout_basic, lemuel_flame_loot_1, uniq_ijyb
D:4:      layout_rooms, serial_shops, nicolae_shop_rolling_square,
          uniq_blork_the_orc, uniq_crazy_yiuf_cottage
D:5:      layout_cave_pods, kennysheep_mini_moat, minmay_temple_entry_glass
D:6:      layout_basic, grunt_temple_overflow_open, enter_ossuary_2
D:8:      hangedman_cross_stitches, layout_gridville, grunt_ministairs_9,
          uniq_erica

Skill      XL: |  1  2  3  4  5  6  7  8 |
---------------+-------------------------+-----
Fighting       | 1 2 3 4 5 |  5.6
Dodging        | 2 3 5 |  5.8
Unarmed Combat | 3 4 5 6 |  6.2
Shapeshifting  | 3 4 5 |  5.8

Action                     |  1- 3 |  4- 6 |  7- 9 || total
---------------------------+-------+-------+-------++-------
  Melee: Unarmed           |   110 |   114 |    16 ||   240
         Punch             |     3 |     5 |     3 ||    11
         Spear             |    13 |    40 |       ||    53
         Whip              |       |       |    97 ||    97
  Throw: Javelin           |     5 |    21 |    25 ||    51
  Evoke: Wand              |       |     1 |       ||     1
    Use: Scroll            |     3 |     7 |     8 ||    18
         Potion            |     2 |       |    15 ||    17
   Stab: Sleeping          |     2 |     2 |       ||     4
         Distracted        |       |     1 |       ||     1
 Armour: Animal skin       |    25 |       |       ||    25
         Leather armour    |     7 |    45 |       ||    52
         Skin              |    16 |    10 |       ||    26
         Ring mail         |       |    28 |    85 ||   113
  Dodge: Dodged            |    62 |    88 |    78 ||   228
  Block: Other             |       |       |    16 ||    16

Table legend: (Time is in decaauts)
 A = Elapsed time spent in this place.
 B = Non-inter-level travel time spent in this place.
 C = Inter-level travel time spent in this place.
 D = Time resting spent in this place.
 E = Time spent auto-exploring this place.
 F = Levels seen in this place.
 G = Mean time per level.
                   A        B        C        D        E       F      G
               +--------+--------+--------+--------+--------+-----+--------+
         Total |   6514 |   6118 |    396 |   1783 |   2859 |   8 |  814.2 |
       Dungeon |   5939 |   5543 |    396 |   1439 |   2848 |   7 |  848.4 |
       Ossuary |    575 |    575 |      0 |    344 |     11 |   1 |  575.0 |
               +--------+--------+--------+--------+--------+-----+--------+

Top non-repeatable levels by time:
     D:4: 1256 daAuts
     D:5: 1248 daAuts
     D:3: 1200 daAuts
     D:2: 1076 daAuts
     D:1: 895 daAuts
 Ossuary: 575 daAuts
     D:8: 146 daAuts
     D:6: 115 daAuts
